Map: [ESL] Alcyone

Players

Oliveira - Winner!

  • Race: Terran Terran
  • Spawn Location: 7:00

Elazer

  • Race: Zerg Zerg
  • Spawn Location: 1:00

Event: ESL SC2 Masters 2023 Winter (Finals)

VOD

Have the link to the VOD?

Description

Time

  • Played on: Dec. 16, 2023, 9:45 a.m.
  • Length: 11:40

All games in this series

Show
View Real Time Build Order
Export as new Build Order

Oliveira Terran - Winner!

Build Orders:  

Get SALT Encoding   

  12  0:00  SCV  
  13  0:12  SCV  
  14  0:19  Supply Depot  
  14  0:24  SCV  
  15  0:41  Barracks, SCV  
  16  0:46  Refinery  
  16  0:53  SCV  
  17  1:01  Barracks  
  17  1:05  SCV  
  18  1:17  SCV  
  19  1:29  Orbital Command, Reaper  
  20  1:33  Supply Depot  
  20  1:48  Reaper  
  21  1:55  SCV  
  22  2:06  Reaper  
  22  2:07  SCV  
  24  2:12  Command Center  
  24  2:19  SCV  
  25  2:23  Refinery  
  25  2:24  Reaper  
  26  2:31  SCV  
  27  2:43  Barracks Reactor, SCV  
  28  2:53  Command Center  
  28  2:55  SCV  
  28  2:57  Barracks Tech Lab  
  29  3:08  SCV  
  30  3:14  Factory  
  31  3:23  SCV, Marine x2  
  31  3:26  Orbital Command  
  33  3:30  Stimpack  
  33  3:33  Marine  
  34  3:35  SCV  
  34  3:41  Marine  
  35  3:47  Marine  
  35  3:48  SCV  
  38  3:50  Marine  
  38  3:51  SCV  
  40  3:58  Factory Reactor  
  40  4:00  SCV, Starport  
  40  4:01  Marine  
  42  4:04  SCV  
  42  4:06  Orbital Command  
  42  4:09  Marine  
  43  4:10  Marine  
  43  4:12  SCV  
  43  4:16  SCV  
  47  4:18  Marine, Supply Depot  
  49  4:24  SCV  
  49  4:28  SCV  
  50  4:32  SCV  
  50  4:35  Hellion x2  
  50  4:36  Medivac, SCV  
  50  4:38  Supply Depot  
  58  4:40  Marine, SCV  
  58  4:41  Marine  
  58  4:43  Marine  
  63  4:45  SCV  
  63  4:48  SCV  
  63  4:51  Armory  
  64  4:54  SCV  
  64  4:56  Hellion  
  64  4:57  Hellion  
  64  4:59  Marine  
  70  5:01  Marine  
  70  5:02  Orbital Command  
  70  5:03  SCV, Supply Depot  
  70  5:06  Marine  
  73  5:07  Refinery  
  73  5:08  Medivac  
  73  5:11  Combat Shield  
  73  5:13  SCV  
  76  5:17  Marine, Refinery  
  77  5:24  Marine  
  78  5:28  SCV, Engineering Bay x2  
  78  5:29  Barracks  
  78  5:30  Factory Tech Lab, SCV x2  
  81  5:38  Marine  
  81  5:40  SCV  
  81  5:41  Starport Reactor  
  83  5:43  Marine, SCV  
  85  5:53  Supply Depot  
  85  5:55  Terran Infantry Weapons Level 1, Terran Infantry Armor Level 1  
  85  6:05  SCV  
  85  6:07  SCV  
  85  6:09  SCV, Marine x2  
  82  6:11  Marine  
  82  6:15  Siege Tank  
  82  6:17  SCV  
  77  6:19  SCV  
  71  6:26  Marine  
  71  6:27  Marine  
  71  6:28  SCV  
  71  6:29  Barracks, Medivac x2  
  71  6:30  SCV  
  71  6:31  Barracks  
  71  6:32  Marine, SCV  
  79  6:33  Marine x2  
  79  6:35  Command Center  
  81  6:43  SCV  
  81  6:44  Marine  
  81  6:45  SCV, Marine  
  85  6:48  SCV  
  85  6:50  Marine  
  85  6:51  Siege Tank, Factory  
  85  6:52  Marine  
  85  6:53  Marine  
  92  6:54  Supply Depot x2  
  92  6:59  SCV  
  92  7:00  SCV  
  93  7:02  Refinery  
  93  7:06  Supply Depot  
  93  7:15  Marine x5  
  93  7:16  SCV x2  
  93  7:17  SCV  
  93  7:18  Supply Depot  
  93  7:20  Barracks Reactor x2  
  101  7:28  Siege Tank, SCV x2  
  101  7:29  Supply Depot, SCV  
  107  7:33  Marine x2  
  107  7:36  Marine  
  110  7:37  Marine  
  110  7:39  Factory Reactor, Drilling Claws  
  110  7:40  SCV x2  
  110  7:41  SCV  
  114  7:45  Barracks, Marine  
  114  7:47  Barracks  
  114  7:48  Barracks, Medivac  
  114  7:49  Supply Depot  
  114  7:51  Medivac, Marine  
  117  7:53  Marine  
  117  7:56  Terran Infantry Weapons Level 2  
  121  8:01  Terran Infantry Armor Level 2  
  121  8:02  Marine  
  121  8:03  Marine  
  121  8:04  SCV  
  124  8:07  Marine x2  
  124  8:08  Marine  
  124  8:09  Marine  
  131  8:12  Siege Tank  
  131  8:17  Planetary Fortress  
  131  8:22  Marine x2  
  131  8:23  Marine x2  
  131  8:24  Widow Mine x2  
  139  8:27  SCV  
  139  8:28  Supply Depot  
  139  8:30  SCV  
  139  8:32  Supply Depot  
  141  8:37  Barracks Tech Lab  
  141  8:38  Barracks Tech Lab x2  
  141  8:43  Terran Vehicle Weapons Level 1, Marine  
  141  8:44  Sensor Tower  
  142  8:53  Marine  
  142  8:55  Marine x2  
  145  8:56  Siege Tank  
  145  8:57  Widow Mine x2  
  145  8:58  SCV  
  145  9:01  Marine x3  
  145  9:02  Marauder, Marine  
  156  9:04  SCV, Supply Depot  
  156  9:05  Supply Depot  
  156  9:09  SCV  
  147  9:10  SCV  
  147  9:11  SCV  
  147  9:12  Marine  
  147  9:16  SCV  
  143  9:19  Marine  
  143  9:21  Marine, SCV  
  143  9:23  SCV  
  147  9:24  Sensor Tower, Marine  
  147  9:25  SCV  
  147  9:27  Marauder, Marine x2  
  147  9:29  Marine  
  147  9:30  Marauder, Marine  
  156  9:37  Marine  
  147  9:40  Marauder, Marine x2  
  147  9:43  Siege Tank  
  147  9:44  Widow Mine x2  
  148  9:47  Marine x2  
  148  9:48  Marauder, Marine x2  
  148  9:49  SCV x2  
  153  9:53  Command Center  
  153  9:54  Medivac x2  
  153  9:55  Marine x2  
  153  9:56  SCV, Marauder  
  153  9:57  Marine  
  153  9:58  Marine  
  161  10:02  Marine, Marauder  
  161  10:04  Marine x2  
  161  10:06  Widow Mine x2  
  161  10:07  SCV x2  
  165  10:08  SCV  
  165  10:10  Supply Depot  
  165  10:11  Marine x3  
  169  10:18  Marine  
  169  10:19  Marine x3  
  169  10:20  Marauder  
  169  10:21  Siege Tank  
  178  10:23  Marauder  
  175  10:36  Marine  
  175  10:38  Marine x2  
  175  10:39  Marauder  
  175  10:40  Marine  
  171  10:44  Medivac x2  
  171  10:47  Widow Mine  
  171  10:48  Marine  
  171  10:49  Marine x2  
  178  10:50  Marauder  
  182  10:58  Marine  
  165  11:06  Marauder, Marine x2  
  165  11:07  Marine x3  
  165  11:08  Marauder x2  
  164  11:13  Refinery  
  164  11:14  Marine, Refinery  
  164  11:15  Command Center, Marine  
  164  11:16  Marine, Marauder  
  168  11:26  Ghost Academy  
Show
View Real Time Build Order
Export as new Build Order

Elazer Zerg 

Build Orders: Hatch First 

Get SALT Encoding   

  12  0:00  Drone  
  13  0:12  Overlord  
  13  0:17  Drone  
  14  0:30  Drone x2  
  16  0:49  Hatchery  
  15  0:51  Drone  
  15  0:54  Drone  
  17  0:58  Drone  
  17  1:02  Extractor  
  17  1:14  Spawning Pool  
  17  1:16  Drone  
  17  1:20  Drone  
  18  1:27  Drone  
  19  1:38  Drone  
  20  1:49  Drone  
  21  2:00  Queen x2  
  25  2:01  Zergling x2  
  25  2:02  Zergling x2  
  25  2:03  Metabolic Boost  
  27  2:12  Zergling x2  
  27  2:13  Overlord  
  28  2:31  Zergling x4  
  28  2:34  Overlord  
  28  2:36  Queen  
  32  2:38  Queen  
  34  2:51  Drone x2  
  36  2:57  Drone x3  
  38  3:08  Overlord  
  38  3:09  Drone x5  
  43  3:22  Overlord  
  43  3:33  Drone x4  
  47  3:39  Drone, Hatchery  
  47  3:40  Overlord  
  47  3:47  Drone x6  
  53  3:52  Queen  
  55  3:59  Queen  
  57  4:07  Drone x4  
  61  4:13  Overlord  
  61  4:16  Drone  
  62  4:20  Drone x3  
  62  4:21  Drone x2  
  67  4:31  Queen  
  67  4:34  Queen  
  67  4:37  Hatchery  
  70  4:39  Overlord  
  70  4:45  Drone x4  
  74  4:53  Overlord  
  74  4:55  Queen  
  76  5:03  Zergling x2  
  76  5:04  Zergling x10  
  82  5:07  Zergling x10  
  87  5:14  Lair, Overlord  
  87  5:17  Zergling x2  
  87  5:18  Zergling x2  
  88  5:30  Drone x3, Baneling Nest  
  88  5:31  Drone  
  88  5:32  Extractor  
  88  5:34  Zergling x4  
  92  5:40  Overlord  
  92  5:45  Zergling x16  
  92  5:49  Hatchery  
  100  5:50  Drone  
  101  5:57  Zergling x12  
  101  6:00  Queen  
  108  6:11  Zergling x10  
  89  6:15  Zergling x2  
  89  6:17  Queen x2  
  89  6:18  Queen  
  86  6:22  Zergling x6  
  86  6:23  Zergling x8  
  85  6:27  Zergling x6  
  85  6:29  Centrifugal Hooks  
  85  6:32  Evolution Chamber, Overlord  
  87  6:33  Evolution Chamber  
  87  6:35  Zergling x2  
  87  6:36  Zergling x2  
  88  6:45  Overlord  
  88  6:46  Drone x3  
  91  6:51  Extractor, Drone x2  
  91  6:52  Drone  
  93  6:57  Drone  
  93  7:00  Drone x2  
  96  7:02  Drone  
  96  7:03  Zerg Melee Weapons Level 1, Zerg Ground Armor Level 1  
  96  7:07  Drone  
  96  7:08  Drone x6  
  104  7:09  Drone  
  104  7:11  Drone x3  
  108  7:15  Hydralisk Den  
  108  7:16  Extractor, Drone  
  108  7:19  Extractor, Baneling x7  
  108  7:20  Drone  
  108  7:21  Drone x2  
  109  7:24  Drone x3  
  109  7:27  Spore Crawler  
  109  7:28  Baneling  
  109  7:29  Baneling x3  
  111  7:35  Zergling x2  
  111  7:36  Zergling x20  
  119  7:41  Overlord  
  119  7:45  Hydralisk x2  
  123  7:52  Overlord x2, Grooved Spines  
  123  7:53  Zergling x12  
  123  7:54  Zergling x2  
  130  7:58  Extractor  
  130  8:04  Drone x3  
  130  8:05  Overlord x3  
  132  8:11  Hydralisk x4  
  138  8:16  Hydralisk  
  136  8:21  Overlord  
  136  8:22  Drone x2  
  136  8:23  Drone x2, Extractor  
  136  8:26  Drone x3  
  142  8:29  Overlord  
  142  8:33  Baneling x4  
  142  8:34  Hydralisk x3  
  142  8:35  Hydralisk, Hatchery  
  142  8:36  Zergling x8  
  153  8:42  Muscular Augments  
  153  8:50  Hatchery  
  152  8:56  Hydralisk x6  
  163  9:03  Zergling x14  
  163  9:04  Zergling x6  
  168  9:13  Zergling x20  
  168  9:20  Hydralisk x4  
  165  9:36  Zergling x14  
  145  9:40  Zergling x10  
  145  9:45  Hydralisk x2  
  136  9:50  Hydralisk x4  
  146  9:58  Drone x14  
  156  10:07  Hydralisk x5  
  156  10:13  Extractor, Overlord  
  165  10:17  Zergling x14  
  165  10:19  Baneling  
  165  10:20  Baneling x3  
  172  10:23  Extractor, Overlord  
  172  10:24  Extractor  
  172  10:25  Zergling x20  
  172  10:28  Zergling x8  
  179  10:37  Zergling x16  
  179  10:43  Overseer  
  179  10:44  Pneumatized Carapace, Overseer  
  179  10:47  Baneling x6  
  179  10:56  Zergling x2  
  179  10:57  Zergling x28  
  145  11:04  Zergling x24  
  145  11:09  Spore Crawler  
  145  11:10  Zergling x8  
  147  11:25  Drone x4  
Tags
 
Add a new tag
Caveats
  • Supply blocks, unpowered buildings, or Contaminate may cause inaccurate times.
  • Supply counts are checked every 10 seconds.